Map: Kairos Junction LE

Players

Snute

  • Race: Zerg Zerg
  • Spawn Location: 5:00

MaNa - Winner!

  • Race: Protoss Protoss
  • Spawn Location: 11:00

Event: 2019 WCS Spring

VOD

Have the link to the VOD?

Description

Time

  • Played on: May 17, 2019, 1:04 p.m.
  • Length: 11:04

All games in this series

Show
View Real Time Build Order
Export as new Build Order

Snute Zerg 

Build Orders: Hatch First 

Get SALT Encoding   

  12  0:00  Drone  
  13  0:12  Overlord  
  13  0:17  Drone  
  14  0:30  Drone x2  
  16  0:46  Drone x2  
  18  0:55  Hatchery  
  17  0:57  Drone  
  17  0:59  Extractor  
  17  1:12  Spawning Pool  
  17  1:16  Drone  
  17  1:20  Drone  
  18  1:27  Drone  
  19  1:38  Overlord  
  19  1:49  Drone  
  20  1:59  Queen  
  20  2:00  Metabolic Boost  
  22  2:06  Queen  
  22  2:07  Zergling x2  
  26  2:08  Zergling x2  
  26  2:29  Drone  
  27  2:31  Drone  
  27  2:34  Queen  
  30  2:37  Overlord  
  30  2:38  Drone  
  30  2:39  Drone  
  32  2:45  Queen  
  33  2:58  Hatchery  
  32  2:59  Drone  
  32  3:01  Drone  
  32  3:05  Drone  
  35  3:06  Drone  
  35  3:09  Drone  
  35  3:11  Drone  
  38  3:15  Drone x2  
  40  3:20  Overlord  
  40  3:23  Drone  
  41  3:28  Overlord  
  41  3:29  Drone  
  41  3:31  Drone  
  43  3:35  Overlord  
  43  3:40  Drone x3  
  46  3:42  Extractor  
  46  3:45  Overlord  
  45  3:52  Roach Warren  
  45  3:55  Spore Crawler  
  43  3:56  Zergling x2  
  43  3:58  Zergling x2  
  43  3:59  Zergling x2  
  46  4:04  Zergling x4  
  46  4:05  Zergling x2  
  49  4:14  Overlord  
  48  4:22  Zergling x14  
  55  4:35  Drone x4  
  55  4:37  Drone x2  
  62  4:38  Drone  
  62  4:42  Drone  
  62  4:44  Lair  
  64  4:45  Drone  
  64  4:50  Extractor  
  63  4:55  Roach  
  63  4:56  Roach x3  
  71  5:01  Roach x2  
  75  5:10  Roach x3  
  75  5:11  Overlord  
  81  5:15  Overlord  
  81  5:24  Queen  
  79  5:30  Baneling Nest  
  79  5:31  Zergling x12  
  79  5:34  Ravager x2  
  85  5:40  Ravager  
  85  5:41  Zergling x8  
  90  5:46  Zergling x6  
  93  5:50  Ravager  
  93  5:53  Overlord  
  93  5:55  Drone x2  
  93  5:56  Drone  
  96  5:57  Drone  
  96  6:01  Overlord  
  94  6:13  Drone x3  
  94  6:14  Drone x5  
  96  6:18  Hydralisk Den  
  96  6:23  Evolution Chamber  
  96  6:24  Drone x2  
  96  6:25  Drone  
  97  6:27  Drone  
  97  6:28  Drone  
  99  6:33  Roach  
  99  6:38  Roach x3  
  106  6:42  Ravager x3  
  110  6:49  Baneling x6  
  110  6:50  Baneling  
  110  6:54  Overlord x3  
  110  7:06  Extractor  
  109  7:10  Zergling x8  
  109  7:14  Hatchery  
  112  7:18  Hydralisk Den, Drone x8  
  112  7:19  Drone x3  
  112  7:20  Evolution Chamber  
  121  7:29  Overlord  
  119  7:36  Overlord, Extractor  
  117  7:41  Hatchery  
  116  7:44  Overlord  
  116  7:46  Zerg Melee Weapons Level 1  
  116  7:49  Hydralisk x6  
  128  7:56  Overlord  
  129  8:03  Hatchery  
  127  8:07  Hydralisk x4  
  127  8:11  Zergling x2  
  127  8:12  Zergling x10  
  141  8:18  Baneling x5  
  141  8:23  Zergling x14  
  148  8:29  Zergling x10  
  147  8:53  Zergling x2  
  147  8:54  Zergling x20  
  110  9:03  Zergling x12  
  110  9:07  Hydralisk x2  
  98  9:16  Hydralisk x6  
  102  9:23  Baneling x11  
  101  9:25  Roach x2  
  101  9:27  Hatchery  
  104  9:31  Hydralisk x2, Grooved Spines  
  104  9:34  Hydralisk  
  110  9:42  Hydralisk x2  
  110  9:45  Zergling x6  
  115  9:52  Hydralisk  
  115  9:53  Hydralisk  
  115  9:55  Ravager  
  115  9:56  Ravager  
  121  10:05  Zergling x2  
  121  10:06  Zergling x18  
  125  10:12  Hydralisk x2  
  129  10:16  Hydralisk  
  129  10:17  Hydralisk  
  132  10:22  Hydralisk x2  
  135  10:40  Baneling x4  
Show
View Real Time Build Order
Export as new Build Order

MaNa Protoss - Winner!

Build Orders: 1 Gate Expand, Archon Immortal, Archon Drop 

Get SALT Encoding   

  12  0:00  Probe  
  13  0:13  Probe, Pylon  
  14  0:21  Probe  
  15  0:31  Probe  
  16  0:40  Gateway  
  16  0:43  Probe  
  16  0:49  Assimilator  
  17  0:55  Probe  
  18  1:03  Probe  
  19  1:12  Probe  
  20  1:25  Nexus  
  20  1:35  Cybernetics Core  
  20  1:38  Probe  
  21  1:44  Assimilator  
  21  1:50  Probe  
  22  1:55  Pylon  
  22  2:02  Probe  
  22  2:03  Adept  
  23  2:14  Probe  
  26  2:15  Robotics Facility  
  26  2:25  Stalker  
  26  2:26  Probe  
  27  2:32  Warp Gate  
  29  2:38  Probe x2  
  30  2:50  Probe  
  30  2:51  Probe  
  32  2:53  Sentry  
  32  2:55  Warp Prism  
  34  3:02  Probe  
  34  3:03  Probe  
  38  3:14  Gateway  
  38  3:16  Probe x2  
  40  3:20  Pylon  
  40  3:28  Probe x2  
  40  3:30  Immortal  
  42  3:40  Probe  
  47  3:48  Twilight Council  
  47  3:50  Assimilator  
  47  3:52  Probe  
  47  3:53  Assimilator  
  47  3:55  Probe  
  49  4:04  Probe  
  49  4:05  Pylon  
  49  4:07  Immortal  
  54  4:23  Probe x2  
  56  4:25  Templar Archives  
  56  4:32  Gateway  
  56  4:34  Gateway  
  56  4:35  Probe x2  
  58  4:40  Pylon  
  58  4:48  Probe x2  
  58  4:51  Pylon  
  60  4:55  Immortal  
  60  4:57  Pylon  
  60  5:00  Probe x2  
  66  5:07  High Templar x2  
  66  5:11  Pylon  
  70  5:27  Charge, Pylon  
  70  5:29  Pylon  
  70  5:32  Probe x2  
  70  5:33  High Templar x2  
  76  5:36  Immortal  
  76  5:39  Archon x2  
  80  5:44  Zealot x2  
  84  5:51  Pylon  
  84  6:05  Nexus  
  84  6:14  Zealot, Sentry  
  84  6:15  Zealot x2  
  92  6:21  Shield Battery  
  92  6:22  Immortal  
  96  6:25  Probe  
  96  6:26  Probe  
  98  6:37  Psionic Storm  
  98  6:38  Forge  
  98  6:42  Probe x2  
  100  6:50  Zealot x2, High Templar x2  
  108  6:54  Observer  
  108  6:55  Probe x2  
  108  6:59  Protoss Ground Weapons Level 1  
  111  7:07  Probe x2  
  113  7:18  Gateway  
  113  7:19  Gateway  
  113  7:20  Immortal  
  117  7:32  Probe  
  117  7:33  Probe x2  
  117  7:35  Assimilator  
  120  7:38  Assimilator  
  120  7:39  Pylon  
  120  7:43  High Templar  
  120  7:44  Zealot x2, High Templar  
  128  8:15  Zealot x2  
  128  8:16  Zealot  
  134  8:26  High Templar x3, Probe  
  141  8:32  Pylon  
  141  8:34  Pylon  
  119  8:59  Zealot x6  
  119  9:01  Immortal  
  107  9:18  High Templar x3  
  107  9:19  High Templar  
  107  9:20  Zealot x2, Probe, Gateway x2  
  107  9:22  Gateway  
  118  9:24  Probe  
  118  9:27  Gateway  
  118  9:29  Gateway  
  118  9:30  Gateway  
  118  9:31  Gateway, Warp Prism  
  119  9:32  Archon  
  119  9:45  Sentry, High Templar  
  121  9:46  High Templar  
  121  9:50  Archon  
  121  9:52  Zealot x3  
  127  9:54  Nexus  
  128  10:13  Zealot x4  
  136  10:16  High Templar x2  
  136  10:17  Zealot  
  136  10:19  Photon Cannon  
  138  10:30  Zealot x6  
  138  10:44  Zealot x5  
  140  10:54  Zealot  
  140  10:55  Zealot x6  
Tags
 
Add a new tag
Caveats
  • Supply blocks, unpowered buildings, or Contaminate may cause inaccurate times.
  • Supply counts are checked every 10 seconds.